 Dungeon Crawl Stone Soup version 0.18-a0-1350-g404b4cb (webtiles) character file.

160 M4edhros the Sneak (level 5, 0/54 HPs)
             Began as an Octopode Monk on Feb 18, 2016.
             Succumbed to a scorpion's poison
             ... on level 4 of the Dungeon.
             The game lasted 00:03:29 (791 turns).

M4edhros the Sneak (Octopode Monk)                   Turns: 791, Time: 00:03:29

Health: 0/54       AC: 22    Str: 10    XL:     5   Next: 41%
Magic:  5/5        EV:  2    Int: 13    God:
Gold:   46         SH:  0    Dex: 15    Spells: 0 memorised, 4 levels left

rFire  . . .     SeeInvis .       - Unarmed
rCold  . . .     Gourm    .     (no shield)
rNeg   + + +     Faith    .     (helmet currently unavailable)
rPois  +         Spirit   .     q - amulet of rage
rElec  .         Dismiss  .     d - ring of stealth
rCorr  .         Reflect  .     m - ring of teleportation (curse)
SustAt .         Harm     .     (no ring)
MR     .....     NoTele   +     (no ring)
Stlth  +++++.....               (no ring)
                                (no ring)
                                (no ring)
                                (no ring)

@: lethally poisoned (0 -> -17), tree-form, very slightly contaminated, hasted,
very quick, not resistant to hostile enchantments, quite stealthy
A: almost no armour, amphibious, 8 rings, (constrict 8), (camouflage 0),
(gelatinous body 0)
a: Evoke Berserk Rage


You were on level 4 of the Dungeon.
You were not hungry.
You were a tree.
You visited 1 branch of the dungeon, and saw 4 of its levels.

You collected 46 gold pieces.

Inventory:

Hand Weapons
 l - a +2 short sword of electrocution
Missiles
 j - 37 stones (quivered)
 p - 27 sling bullets
Armour
 h - a +0 buckler
 k - a +0 shield
Jewellery
 d - a ring of stealth (left branch)
 m - a cursed ring of teleportation (right branch)
 q - an amulet of rage (around neck)
Scrolls
 c - a scroll of teleportation
 e - a scroll of blinking {unknown}
 f - 2 scrolls of noise {unknown}
 g - 2 scrolls of enchant armour {unknown}
 n - 2 scrolls of amnesia {unknown}
 o - 2 scrolls of identify {unknown}
 t - a scroll of fear {unknown}
Comestibles
 a - a bread ration
 b - a beef jerky
 s - 2 fruits


   Skills:
 - Level 3.0 Fighting
 - Level 3.0 Dodging
 * Level 5.6 Stealth
 + Level 5.4 Unarmed Combat


You had 4 spell levels left.
You didn't know any spells.

Dungeon Overview and Level Annotations

Branches:
Dungeon (4/15)
 Temple: D:4-7

Altars:

Annotations:
D:2 Sigmund


Innate Abilities, Weirdness & Mutations

You cannot wear most types of armour.
You are amphibious.
You can wear up to eight rings at the same time.
((You can use your tentacles to constrict eight enemies at once.))
((Your skin changes colour to match your surroundings (Stealth).))
((Your rubbery body absorbs attacks (AC +1).))


Message History

You feel sick.
You hit the scorpion but do no damage.
The scorpion is almost dead.
* * * LOW HITPOINT WARNING * * *
You feel sick.
The scorpion stings you but does no damage.
You hit the scorpion.
You kill the scorpion!
Your Stealth skill increases to level 5!
You have reached level 5!
You feel clever.
* * * LOW HITPOINT WARNING * * *
You feel sick.
Read which item? (? for menu, Esc to quit)
As you read the scroll labeled LIOT HACEOCOWI, it crumbles to dust.
You feel a strange sense of stasis.
It was a scroll of teleportation.
* * * LOW HITPOINT WARNING * * *
You feel sick.
You fail to use your ability.
You die... ###################### #...†♣................ #.####################

There were no monsters in sight!

Vanquished Creatures
  A scorpion (D:4)
  An iguana (D:3)
  4 adders
  2 giant geckos (D:1)
  3 orcs (D:3)
  A ball python (D:3)
  4 bats
  A giant cockroach (D:4)
  7 goblins
  2 hobgoblins
  2 jackals (D:2)
  7 kobolds
  2 quokkas
  A giant newt (D:2)
  4 rats
42 creatures vanquished.

Notes
Turn   | Place    | Note
--------------------------------------------------------------
     0 | D:1      | M4edhros the Octopode Monk began the quest for the Orb.
     0 | D:1      | Reached XP level 1. HP: 16/16 MP: 1/1
    43 | D:1      | Reached XP level 2. HP: 15/21 MP: 2/2
   203 | D:2      | Reached XP level 3. HP: 9/26 MP: 3/3
   250 | D:2      | Noticed Sigmund
   313 | D:2      | Reached skill level 5 in Unarmed Combat
   441 | D:3      | Reached XP level 4. HP: 22/31 MP: 4/4
   789 | D:4      | Reached skill level 5 in Stealth
   789 | D:4      | Reached XP level 5. HP: 3/36 MP: 5/5
   789 | D:4      | HP: 2/54 [poisoned by a scorpion]
   791 | D:4      | Succumbed to a scorpion's poison

Vault maps used:
D:1:      dpeg_arrival_lava_temple_mockup
D:2:      led_sif_pool, ecumenical_altar_1, nicolae_ru_sacrificial_ziggurat,
          uniq_sigmund
D:3:      first_bread, johnstein_pakellas_dig
D:4:      kennysheep_generic_room_2, uniq_menkaure, uniq_pikel

Action                   |  1- 3 |  4- 6 || total
-------------------------+-------+-------++-------
Melee: Unarmed           |    43 |    38 ||    81
  Use: Potion            |     1 |     2 ||     3
       Scroll            |       |     1 ||     1
 Stab: Sleeping          |     7 |     6 ||    13
